 Dungeon Crawl Stone Soup version 0.17-a0-2109-g117576f (webtiles) character file.

9468 Vidiiot the Severer (level 11, -7/145 HPs)
             Began as a Hill Orc Assassin on Oct 19, 2015.
             Was an Elder of Trog.
             Mangled by Nessos the anubis guard (14 damage)
             ... on level 3 of the Orcish Mines.
             The game lasted 00:33:03 (9589 turns).

Vidiiot the Severer (Hill Orc Assassin)             Turns: 9589, Time: 00:33:03

Health: -7/145     AC: 16    Str: 23    XL:     11   Next: 47%
Magic:  0/14       EV:  6    Int: 11    God:    Trog [****..]
Gold:   1074       SH:  0    Dex: 12    Spells: 0 memorised, 10 levels left

rFire  . . .     SeeInvis .     a - +0 battleaxe
rCold  . . .     Clarity  .     k - +0 plate armour
rNeg   . . .     SustAt   .     (no shield)
rPois  .         Gourm    .     (no helmet)
rElec  .         Spirit   +     n - +0 cloak
rCorr  .         Warding  .     Q - +0 pair of gloves
rMut   .         Stasis   .     C - +0 pair of boots
MR     .....                    e - amulet of guardian spirit {Spirit}
Stlth  ..........               (no ring)
                                (no ring)

@: berserking (expiring), heavily drained, very quick, not resistant to hostile
enchantments, extremely unstealthy
A: no striking features
a: Berserk, Trog's Hand, Brothers in Arms, Burn Spellbooks, Renounce Religion


You were on level 3 of the Orcish Mines.
You worshipped Trog.
Trog was greatly pleased with you.
You were not hungry.

You visited 3 branches of the dungeon, and saw 17 of its levels.

You collected 1174 gold pieces.
You spent 100 gold pieces at shops.

Inventory:

Hand Weapons
 a - a +0 battleaxe (weapon)
 b - a +0 blowgun
 l - a +0 whip
 F - a +0 battleaxe of chopping
Missiles
 f - a curare-tipped needle
 q - 11 poisoned needles
 L - 7 javelins (quivered)
Armour
 d - a +0 cloak
 h - a +0 scale mail
 i - a +0 ring mail of cold resistance
 k - a +0 plate armour (worn)
 n - a +0 cloak (worn)
 w - a +0 ring mail
 C - a +0 pair of boots (worn)
 N - the +2 leather armour "Ijuxoso" {rElec rF- Int+5 SInv, unknown}
   (You found it on level 11 of the Dungeon)

   It affects your intelligence (+5).
   It makes you vulnerable to fire.
   It insulates you from electricity.
   It lets you see invisible.
 Q - a +0 pair of gloves (worn)
 T - a +0 robe
Magical Staves
 S - an uncursed staff of power {unknown}
Jewellery
 e - an amulet of guardian spirit (around neck) {Spirit}
 D - a cursed ring of loudness {unknown}
Wands
 c - a wand of disintegration (16)
 H - a wand of polymorph (5)
 J - a wand of paralysis (0)
 O - a wand of fire (7)
 P - a wand of slowing (36)
 V - a wand of heal wounds (3) {!V}
Scrolls
 p - 3 scrolls of teleportation {!r}
 v - 2 scrolls of recharging
 y - a scroll of fear
 I - a scroll of immolation
 R - a scroll of identify
Potions
 j - a potion of magic
 m - a potion of agility
 r - 2 potions of haste
 s - 4 potions of curing
 t - a potion of berserk rage {unknown}
 u - 2 potions of ambrosia
 x - 2 potions of invisibility
 z - 2 potions of heal wounds
 A - a potion of brilliance {unknown}
 G - a potion of lignification {unknown}
 K - a potion of degeneration {unknown}
 M - a potion of beneficial mutation {unknown}
Books
 B - a book of Unlife

   Spells                             Type                      Level
   a - Recall                         Summoning/Translocation      3
   b - Animate Dead                   Necromancy                   4
   c - Control Undead                 Necromancy                   4
   d - Cigotuvi's Embrace             Necromancy                   5
   e - Death Channel                  Necromancy                   6
   f - Simulacrum                     Ice/Necromancy               6
   Trog disapproves of the use of such an item.
Comestibles
 g - 3 bread rations


You had 10 spell levels left.
You didn't know any spells.


   Skills:
 + Level 9.5(7.5) Fighting
   Level 2.6(0.9) Short Blades
 + Level 15.5(13.3) Axes
 - Level 2.0(7.1) Maces & Flails
 - Level 1.7(0.1) Throwing
 + Level 8.6(6.6) Armour
 - Level 0.7(0.0) Dodging
 - Level 3.2(1.5) Stealth
 - Level 4.1(2.4) Evocations

Dungeon Overview and Level Annotations

Branches:
Dungeon (12/15)            Temple (1/1) D:5            Lair (0/8) D:11
    Orc (4/4) D:12
    Elf: Orc:3-4

Altars:
Ashenzari
Cheibriados
Elyvilon
Fedhas
Gozag
Kikubaaqudgha
Makhleb
Nemelex Xobeh
Okawaru
Ru
Sif Muna
Trog
Xom
Yredelemnul
Zin
The Shining One
Beogh

Shops:
D:4 %   D:5 *

Annotations:
D:3 exclusion: downstairs
D:4 Purgy
D:5 exclusion: upstairs
D:6 Dowan
D:11 1 runed door, 1 exclusion
Orc:3 Nessos

Vault maps used:
D:1:      dpeg_arrival_chase
D:2:      lemuel_crystal_altar
D:4:      nicolae_overflow_hidden_temple, serial_shops, shop, uniq_purgy
D:5:      minmay_temple_entry_glassed_door, first_bread, serial_shops,
          shop_coins, nicolae_shop_behind_doors, shop_fountains, shop_statue,
          shop
D:6:      nicolae_qazlal_style_of_elements, nicolae_dithmenos_the_darkroom,
          uniq_duvessa
D:7:      grunt_livestock
D:8:      uniq_erolcha, uniq_psyche
D:9:      nicolae_tso_swordbearing_angel, uniq_grum
D:10:     zaba_antful_of_joy, uniq_joseph
D:11:     minmay_lair_entry_lava, serial_shops, bzr_entry_customers,
          minmay_holes, minmay_st_funbox
D:12:     erik_orc_4
Temple:   minmay_temple_curvy_14
Orc:3:    basic_altar, nicolae_orc_pool_cavern, elf_legates
Orc:4:    st_orc_mages, uniq_nessos
You       could see
Nessos    the anubis guard and an orc.


Message History

You barely miss the orc priest.
The orc priest is lightly wounded.
You closely miss Nessos.
The orc priest hits you with a short sword.
* * * LOW HITPOINT WARNING * * *
Nessos howls a hunting cry!
You hear a shout! x4
You take 3 damage, and have 85/145 hp.
You now have 7/14 mp.
You barely miss the orc priest.
The orc priest is lightly wounded.
Your plate armour prevents you from hitting Nessos.
The orc priest mumbles some strange prayers to Beogh against you.
Something smites you!
* * * LOW HITPOINT WARNING * * *
Nessos hits you!!
* * * LOW HITPOINT WARNING * * *
Nessos bites you.
* * * LOW MAGIC WARNING * * *
* * * LOW HITPOINT WARNING * * *
You feel drained.
* * * LOW HITPOINT WARNING * * *
Unknown command.
You take 36 damage, and have 49/145 hp.
MASSIVE DAMAGE!!
You now have 3/14 mp.
You slice the orc priest!!
You kill the orc priest!
Trog accepts your kill.
You miss Nessos.
Unknown command.
You closely miss Nessos. Nessos breathes negative energy at you.
The bolt of negative energy hits you!
You feel drained.
* * * LOW MAGIC WARNING * * *
* * * LOW HITPOINT WARNING * * *
You take 24 damage, and have 25/145 hp.
You now have 2/14 mp.
You hit Nessos but do no damage. You miss Nessos.
Nessos pounds the earth with its hooves.
Nessos hits you but does no damage. Nessos bites you but does no damage.
An orc comes into view. It is wielding a club.
You closely miss Nessos. Nessos breathes negative energy at you.
The bolt of negative energy hits you!
You feel drained.
* * * LOW MAGIC WARNING * * *
* * * LOW HITPOINT WARNING * * *
You take 18 damage, and have 7/145 hp.
You now have 1/14 mp.
You closely miss Nessos.
Your plate armour prevents you from hitting Nessos.
Nessos hits you!
* * * LOW MAGIC WARNING * * *
You die...

Action                   |  1- 3 |  4- 6 |  7- 9 | 10-12 || total
-------------------------+-------+-------+-------+-------++-------
Melee: Dagger            |    78 |    16 |       |       ||    94
       Hand axe          |       |    36 |   156 |       ||   192
       Battleaxe         |       |       |   137 |   345 ||   482
       Unarmed           |       |       |     1 |       ||     1
 Fire: Blowgun           |    18 |    23 |    25 |     4 ||    70
Throw: Throwing net      |       |       |     3 |       ||     3
Invok: Berserk           |       |       |     5 |    10 ||    15
       Trog's Hand       |       |       |       |     5 ||     5
Evoke: Wand              |       |       |     1 |     7 ||     8
  Use: Scroll            |     9 |       |     8 |       ||    17
 Stab: Sleeping          |     7 |       |     2 |       ||     9
       Distracted        |       |     1 |       |       ||     1
       Held in net/web   |       |       |     1 |       ||     1
       Paralysed         |       |       |       |     5 ||     5
  Eat: Chunk             |       |     4 |     4 |    11 ||    19
       Fruit             |       |     2 |     4 |       ||     6
       Beef jerky        |       |       |     1 |       ||     1
       Meat ration       |       |       |     2 |     1 ||     3
       Bread ration      |       |       |       |     1 ||     1

Notes
Turn   | Place    | Note
--------------------------------------------------------------
     0 | D:1      | Vidiiot the Hill Orc Assassin began the quest for the Orb.
     0 | D:1      | Reached XP level 1. HP: 18/18 MP: 1/1
   205 | D:2      | Reached skill level 1 in Armour
   243 | D:2      | Reached XP level 2. HP: 12/25 MP: 2/2
   379 | D:2      | Reached skill level 2 in Armour
   668 | D:2      | Reached XP level 3. HP: 30/30 MP: 3/3
   797 | D:2      | Found a shimmering altar of Xom.
  1201 | D:4      | Found a sacrificial altar of Ru.
  1206 | D:4      | Reached skill level 1 in Maces & Flails
  1277 | D:4      | Found Xuocs's Food Emporium.
  1307 | D:5      | Entered Level 5 of the Dungeon
  1307 | D:5      | Noticed an ogre
  1394 | D:3      | Reached skill level 2 in Maces & Flails
  1394 | D:3      | Reached XP level 4. HP: 20/37 MP: 4/4
  1466 | D:4      | Reached skill level 1 in Axes
  1504 | D:4      | Reached skill level 2 in Axes
  1573 | D:4      | Killed an ogre
  1573 | D:4      | Reached skill level 4 in Axes
  1573 | D:4      | Reached XP level 5. HP: 9/42 MP: 5/5
  1824 | D:4      | Noticed an ogre
  1844 | D:4      | Killed an ogre
  1844 | D:4      | Reached skill level 6 in Axes
  1844 | D:4      | Reached XP level 6. HP: 35/50 MP: 6/6
  1881 | D:4      | Noticed Purgy
  1894 | D:5      | Noticed an ogre
  1901 | D:5      | Found Kibishu's General Store.
  1902 | D:5      | Noticed a phantom
  1908 | D:5      | Killed an ogre
  1945 | D:5      | Bought a potion of haste for 100 gold pieces
  1956 | D:5      | Found a staircase to the Ecumenical Temple.
  1969 | Temple   | Entered the Ecumenical Temple
  2130 | Temple   | Became a worshipper of Trog the Wrathful
  2611 | D:5      | Reached skill level 7 in Axes
  2800 | D:5      | Reached XP level 7. HP: 30/56 MP: 7/7
  3039 | D:6      | Noticed Dowan
  3158 | D:7      | Reached skill level 8 in Axes
  3691 | D:7      | Reached skill level 9 in Axes
  4342 | D:8      | Reached * piety under Trog
  4364 | D:8      | Reached skill level 10 in Axes
  4364 | D:8      | Reached XP level 8. HP: 32/62 MP: 5/8
  4821 | D:9      | Reached skill level 11 in Axes
  4908 | D:9      | Found a glowing golden altar of the Shining One.
  5095 | D:10     | Entered Level 10 of the Dungeon
  5268 | D:10     | Reached skill level 12 in Axes
  5481 | D:10     | Noticed a gargoyle
  5490 | D:10     | Killed a gargoyle
  5490 | D:10     | Reached skill level 13 in Axes
  5490 | D:10     | Reached XP level 9. HP: 61/68 MP: 5/9
  5653 | D:10     | Reached skill level 3 in Fighting
  5825 | D:10     | Reached skill level 3 in Armour
  6020 | D:11     | Found a staircase to the Lair.
  6020 | D:11     | Noticed a fire drake
  6025 | D:11     | Reached skill level 4 in Fighting
  6028 | D:11     | Reached skill level 4 in Armour
  6029 | D:11     | Killed a fire drake
  6030 | D:11     | Reached skill level 5 in Fighting
  6092 | D:10     | Reached skill level 5 in Armour
  6229 | D:11     | Reached skill level 14 in Axes
  6311 | D:11     | Reached ** piety under Trog
  6311 | D:11     | Reached skill level 6 in Fighting
  6314 | D:11     | Reached XP level 10. HP: 73/84 MP: 6/10
  6517 | D:11     | Got a slimy leather armour
  6562 | D:11     | Found a runed door.
  6720 | D:12     | Reached skill level 6 in Armour
  6761 | D:12     | Noticed a red ugly thing
  6788 | D:12     | Killed a red ugly thing
  6788 | D:12     | Reached skill level 2 in Evocations
  6808 | D:12     | Reached skill level 3 in Evocations
  6892 | D:12     | Found a staircase to the Orcish Mines.
  6912 | D:12     | Reached skill level 4 in Evocations
  7123 | D:12     | Noticed a hill giant
  7125 | D:12     | Noticed a hill giant
  7181 | D:11     | Killed a hill giant
  7181 | D:11     | Reached skill level 7 in Fighting
  7241 | D:12     | Killed a hill giant
  7323 | D:12     | Reached skill level 7 in Armour
  7576 | D:12     | Noticed a hill giant
  7617 | D:12     | Killed a hill giant
  7617 | D:12     | Reached skill level 8 in Fighting
  7617 | D:12     | Reached skill level 15 in Axes
  7617 | D:12     | Reached XP level 11. HP: 94/94 MP: 10/14
  7677 | Orc:1    | Entered Level 1 of the Orcish Mines
  7683 | Orc:1    | Reached *** piety under Trog
  7840 | D:12     | Reached skill level 8 in Armour
  8075 | Orc:2    | Reached skill level 9 in Fighting
  8310 | Orc:2    | Reached **** piety under Trog
  8652 | Orc:4    | Entered Level 4 of the Orcish Mines
  8891 | Orc:4    | Noticed Nessos
  8896 | Orc:3    | Reached ***** piety under Trog
  8944 | Orc:3    | Found a roughly hewn altar of Beogh.
  9468 | Orc:4    | Noticed an orc high priest
  9571 | Orc:4    | Noticed Nessos
  9571 | Orc:4    | Nessos changed into Nessos the anubis guard
  9587 | Orc:3    | HP: 7/145 [Nessos the anubis guard/bolt of negative energy (19)]
  9589 | Orc:3    | Mangled by Nessos the anubis guard

Table legend:
 A = Turns spent in this place as a percentage of turns spent in the entire game.
 B = Non-inter-level travel turns spent in this place as a percentage of non-inter-level travel turns spent in the entire game.
 C = Inter-level travel turns spent in this place as a percentage of turns spent in this place.
 D = Turns resting spent in this place as a percentage of non-inter-level travel turns spent in this place.
 E = Turns spent auto-exploring this place as a percentage of non-inter-level travel turns spent in this place.
 F = Non-inter-level travel turns spent in this place divided by the number of levels of this place that you've seen.
                   A       B       C       D       E      F
               +-------+-------+-------+-------+-------+----------------------
         Total | 100.0 | 100.0 |   0.2 |   5.3 |   0.0 | 363.0
       Dungeon |  77.0 |  77.0 |   0.2 |   5.1 |   0.0 | 396.2
        Temple |   2.7 |   2.7 |   0.6 |   7.1 |   0.6 | 169.0
  Orcish Mines |  20.2 |  20.2 |   0.2 |   5.9 |   0.0 | 312.0
               +-------+-------+-------+-------+-------+----------------------

Table legend:
 A = Kills in this place as a percentage of kills in entire the game.
 B = Kills by you in this place as a percentage of kills by you in the entire game.
 C = Kills by friends in this place as a percentage of kills by friends in the entire game.
 D = Other kills in this place as a percentage of other kills in the entire game.
 E = Experience gained in this place as a percentage of experience gained in the entire game.
 F = Experience gained in this place divided by the number of levels of this place that you have seen.
                   A       B       C       D       E      F
               +-------+-------+-------+-------+-------+----------------------
         Total | 100.0 | 100.0 |  -nan | 100.0 | 100.0 | 795.6
       Dungeon |  66.3 |  66.5 |  -nan |   0.0 |  80.2 | 904.4
  Orcish Mines |  33.7 |  33.5 |  -nan | 100.0 |  19.8 | 668.2
               +-------+-------+-------+-------+-------+----------------------

Vanquished Creatures
  3 hill giants
  An orc sorcerer (Orc:3)
  An ugly thing (D:12)
  A centaur zombie (D:12)
  A gargoyle (D:10)
  A centaur skeleton (D:12)
  4 trolls
  A fire drake (D:11)
  A wraith (D:9)
  A deep elf mage (D:12)
  2 vampire mosquitoes (D:12)
  A warg (D:12)
  A mottled dragon (D:12)
  An eye of draining (D:10)
  7 orc warriors
  An ice beast (D:8)
  8 ogres
  7 centaurs
  2 big kobolds
  A wyvern zombie (D:11)
  4 giant frogs
  3 scorpions
  A killer bee (D:10)
  4 wights (D:12)
  2 jellies (D:10)
  14 orc wizards
  A crimson imp (D:11)
  A gnoll shaman (D:8)
  A giant frog zombie (D:10)
  A giant frog skeleton (D:12)
  A wasp zombie (D:5)
  14 orc priests
  3 iguanas
  2 hounds
  7 worker ants
  A hound zombie (D:10)
  4 gnolls
  7 adders
  A shadow imp (D:12)
  An adder skeleton (D:4)
  A worm (D:2)
  90 orcs
  A ball python (D:2)
  4 giant cockroaches
  A goblin (D:3)
  2 hobgoblins
  2 jackals (D:6)
  5 bats
  2 giant geckos
  16 kobolds
  4 quokkas
  4 rats
251 creatures vanquished.

Vanquished Creatures (others)
  An orc wizard (Orc:1)
1 creature vanquished.

Grand Total: 252 creatures vanquished
